 Dungeon Crawl Stone Soup version 0.31-a0-845-g9abc20d24f (console) character file.

Game seed: 11297825604415021248

1018 petzl the Sneak (level 8, -5/61 HPs)
             Began as a Formicid Delver on Oct 1, 2023.
             Was a Follower of Vehumet.
             Killed from afar by Dowan (28 damage)
             ... with a shard of ice
             ... on level 6 of the Dungeon.
             The game lasted 00:31:43 (8035 turns).

petzl the Sneak (Formicid Delver)                   Turns: 8035, Time: 00:31:43

Health: -5/61      AC:  4    Str: 17    XL:     8   Next: 45%
Magic:  24/24      EV: 12    Int: 12    God:    Vehumet [*.....]
Gold:   49         SH: 10    Dex: 15    Spells: 11/16 levels left

rFire   . . .        b - +4 short sword (chaos)
rCold   . . .        i - +0 buckler
rNeg    . . .        t - +1 leather armour {rPois}
rPois   +            (helmet unavailable)
rElec   .            m - scarf {shadows}
rCorr   .            (no gloves)
SInv    +            (no boots)
Will    .....        L - amulet of reflection
Stlth   +++          n - ring of magical power
HPRegen 0.30/turn    (no ring)
MPRegen 0.19/turn

%: reflection
@: no status effects
A: permanent stasis, dig shafts and tunnels, antennae 3, four strong arms
a: Dig, Shaft Self, Renounce Religion


You were on level 6 of the Dungeon.
You worshipped Vehumet.
Vehumet was aware of your devotion.
You visited 2 branches of the dungeon, and saw 11 of its levels.

You collected 379 gold pieces.
You spent 330 gold pieces at shops.

Inventory:

Hand Weapons
 a - a +0 sling
 b - a +4 short sword of chaos (weapon)
 x - the +1 dagger "Befahyqiu" {heavy, Fragile rN++ rCorr Dex+4, !f =f}
   (You found it on level 2 of the Dungeon)

   Dex+4:     It affects your dexterity (+4).
   rN++:      It greatly protects you from negative energy.
   rCorr:     It protects you from acid and corrosion.
   Fragile:   It will be destroyed if unequipped.
 E - a +0 halberd of flaming
 J - a +2 heavy spear {!f =f}
 K - a +0 hand axe of freezing {!f =f}
Missiles
 h - 119 stones
 B - 6 curare-tipped darts
 D - a throwing net (quivered)
 H - 7 poisoned darts
Armour
 i - a +0 buckler (worn)
 m - a scarf of shadows (worn)
 r - a +1 robe of fire resistance
 t - a +1 leather armour of poison resistance (worn)
 G - a +2 chain mail of willpower
Jewellery
 n - a ring of magical power (left hand)
 L - an amulet of reflection (around neck)
Wands
 f - a wand of digging (1)
 g - a wand of acid (5)
 j - a wand of roots (9)
Scrolls
 c - 2 scrolls of fog
 d - a scroll of revelation
 e - a scroll of fear
 k - a scroll of enchant armour
 o - a scroll of torment
 v - 3 scrolls of vulnerability {unknown}
 y - a scroll of acquirement {unknown}
 C - a scroll of immolation
 F - 4 scrolls of poison
Potions
 l - a potion of mutation {unknown}
 p - 2 potions of attraction {unknown}
 q - 2 potions of lignification {unknown}
 s - 2 potions of enlightenment {unknown}
 u - 2 potions of haste {unknown}
 w - a potion of magic {unknown}
 z - 2 potions of curing {unknown}
 A - a potion of heal wounds {unknown}
 I - a potion of ambrosia {unknown}


   Skills:
 - Level 4.7 Fighting
 - Level 2.0 Maces & Flails
 - Level 1.3 Ranged Weapons
 - Level 3.1 Armour
 - Level 3.1 Dodging
 - Level 6.0 Stealth
 - Level 3.6 Shields
 + Level 4.8 Spellcasting
 * Level 3.0 Conjurations
 + Level 2.2 Fire Magic


You had 11 spell levels left.
You knew the following spells:

 Your Spells              Type           Power      Damage    Failure   Level
a - Fireball              Conj/Fire      4%         3d4       96%         5

Your spell library contained the following spells:

 Spells                   Type           Power      Damage    Failure   Level
 Sandblast                Erth           4%         2d4       30%         1
 Summon Small Mammal      Summ           8%         N/A       30%         1
 Call Canine Familiar     Summ           2%         N/A       67%         3
 Ozocubu's Armour         Ice            2%         N/A       67%         3
 Summon Guardian Golem    Hex/Summ       2%         N/A       67%         3
 Brom's Barrelling Bould  Conj/Erth      6%         2d3       86%         4
 Iskenderun's Battlesphe  Conj           10%        2d6       94%         5
 Metabolic Englaciation   Hex/Ice        1%         N/A       100%        5
 Conjure Ball Lightning   Conj/Air       3%         3x3d6     100%        6
 Simulacrum               Ice/Necr       1%         N/A       100%        6
 Orb of Destruction       Conj           5%         9d5       100%        7


Dungeon Overview and Level Annotations

Branches:
Dungeon (10/15)              Lair (1/5) D:8
 Temple: D:4-7          Orc: D:9-12

Altars:
Ru
Vehumet
Xom

Shops:
D:6 =   D:7 =   D:8 (

Annotations:
D:2 Sigmund
D:6 exclusion: sensed monster (detected), Dowan
D:7 exclusions: orc and sensed monster (detected)
D:8 exclusions: downstairs and 2 sensed monsters (detected)
D:9 exclusions: downstairs and sensed monster (detected), Erolcha, Maggie


Innate Abilities, Weirdness & Mutations

You cannot be hasted, slowed, berserked, paralysed or teleported.
You can dig through walls and to a lower floor.
You have a pair of large antennae on your head. (SInv)
Your four strong arms can wield two-handed weapons with a shield.


Message History

Duvessa closely misses you.
Unknown command.
Okay, then.
You closely miss Duvessa.
Duvessa is moderately wounded.
Duvessa hits you with a +0 short sword of protection.
You closely miss Duvessa.
Duvessa is moderately wounded.
Duvessa hits you with a +0 short sword of protection!
You barely miss Duvessa.
Duvessa is heavily wounded.
Dowan, Brother of Duvessa comes into view.
He is wielding a +4 dagger of speed and carrying a wand of flame.
You block Duvessa's attack.
Dowan shouts!
You hit Duvessa.
Duvessa is severely wounded.
You block Duvessa's attack.
You hit Duvessa but do no damage.
Duvessa is severely wounded.
Duvessa hits you with a +0 short sword of protection.
You closely miss Duvessa.
Duvessa is severely wounded.
Duvessa hits you with a +0 short sword of protection.
You hit Duvessa.
Duvessa is almost dead.
Duvessa hits you with a +0 short sword of protection.
You kill Duvessa!
Vehumet accepts your kill.
Dowan seems overcome with grief.
Dowan seems to find hidden reserves of power!
Dowan casts a spell.
Dowan blinks!
Your Conjurations skill increases to level 3!
Your Fire Magic skill increases to level 2!
Dowan casts a spell.
Dowan blinks!
Dowan zaps a wand.
The puff of flame hits you! Dowan casts a spell at you.
The shard of ice hits you!!
You die...

##### #. #...# ##.
### #...# #.. #
####.# #...###.# ..
#....# #....##.# ..?
##.#.##
#....##.##....
#######..#.#
#..........#
#..........#
##.......####
#..........#
#.......##
#..........#
#.###..e####
#......<...#
#.###.#....# .. #
#..........#
####@.####.# ... #
#..........# #....#
#.# #..###
######...### #.#..#
#.########.....
##...# #####.#.##
#.e....e)####..
#..#.# #.....#.#
########.......
#.##.###.#####.#
#####...
##.##.##..####..#
####..
#<.##....#...%..##
#.....
#.####..#........##
#>##.# ##.#
#....>.......#
#....##..
#..#####.'''.......#
#.#####..
#.#>.))..'∩'.......#
# #..
##...####.'''.......#
{ #.. #..###
##..........# #...
#..# ##........##
..... ###.###
#..........# .###..
#.....# #..........#
### #.....#
#..........# ###...#
#.......g..# {


You could see Dowan (fast).

Vanquished Creatures
  Duvessa (D:6)
  A black bear (D:4)
  2 kobold brigands (D:5)
  A bullfrog (D:8)
  A scorpion (D:5)
  A howler monkey (D:4)
  A hound (D:4)
  2 orc priests
  Terence (D:3)
  Natasha (D:3)
  An iguana (D:4)
  2 orc wizards (D:4)
  Robin (D:4)
  2 adders
  8 gnolls
  2 shadow imps
  3 ufetubi
  4 worms
  2 dart slugs
  26 orcs
  9 ball pythons
  7 bats
  7 endoplasms
  A giant cockroach (D:3)
  17 goblins
  12 hobgoblins
  5 jackals
  12 kobolds
  5 quokkas
  4 frilled lizards
  8 rats
  A spectral hobgoblin (D:1)
151 creatures vanquished.

Notes
Turn   | Place    | Note
-------+----------+-------------------------------------------
     0 | D:5      | petzl the Formicid Delver began the quest for the Orb.
     0 | D:5      | Reached XP level 1. HP: 18/18 MP: 1/1
    87 | D:4      | Noticed a howler monkey
   144 | D:4      | You fall into a shaft and drop 2 floors!
   189 | D:6      | Noticed a hound
   190 | D:6      | You fall into a shaft and drop 3 floors!
   232 | D:10     | Entered Level 10 of the Dungeon
   232 | D:10     | Noticed a kobold demonologist
   329 | D:9      | Noticed a centaur
   379 | D:10     | Noticed a two-headed ogre
   392 | D:8      | Found Fesil's Weapon Shop.
   426 | D:8      | Noticed a bullfrog
   432 | D:8      | Killed a bullfrog
   433 | D:8      | Reached skill level 1 in Armour
   433 | D:8      | Reached skill level 1 in Shields
   433 | D:8      | Reached skill level 1 in Spellcasting
   433 | D:8      | Reached XP level 2. HP: 13/25 MP: 1/4
   433 | D:8      | Reached XP level 3. HP: 16/30 MP: 1/5
   433 | D:8      | Reached XP level 4. HP: 19/37 MP: 1/6
   438 | D:8      | Noticed a steam dragon
   464 | D:8      | Found a staircase to the Lair.
   470 | Lair:1   | Entered Level 1 of the Lair of Beasts
   767 | D:7      | Noticed an ice beast
   842 | D:7      | Noticed a sky beast
   875 | D:7      | You fall into a shaft and drop 2 floors!
   980 | D:9      | Noticed Maggie
  1051 | D:9      | Noticed Erolcha
  1118 | D:7      | Found Ymuvvaco's Jewellery Shop.
  1183 | D:6      | Noticed a sky beast
  1795 | D:4      | Reached XP level 5. HP: 39/42 MP: 8/8
  2036 | D:3      | Noticed Robin
  2037 | D:3      | Noticed a black bear
  2071 | D:4      | Killed a black bear
  2072 | D:4      | Reached XP level 6. HP: 24/48 MP: 10/10
  2171 | D:4      | Killed Robin
  2536 | D:2      | Noticed Sigmund
  2753 | D:2      | Identified the +1 dagger "Befahyqiu" {heavy, Fragile rN++
                  | rCorr Dex+4}
  2844 | D:1      | Found a faded altar of an unknown god.
  4517 | D:3      | Reached XP level 7. HP: 40/45 MP: 12/12
  4673 | D:3      | Noticed Natasha
  4680 | D:3      | Killed Natasha
  4726 | D:3      | Found a sacrificial altar of Ru.
  4808 | D:3      | Noticed Terence
  4835 | D:3      | Killed Terence
  5092 | D:4      | Found a radiant altar of Vehumet.
  5098 | D:4      | Became a worshipper of Vehumet
  5188 | D:4      | Reached skill level 1 in Ranged Weapons
  6107 | D:4      | Reached * piety under Vehumet
  6107 | D:4      | Offered knowledge of Sandblast by Vehumet.
  6114 | D:4      | Learned a level 5 spell: Fireball
  6765 | D:5      | Found a large runed translucent door.
  6766 | D:5      | Found a large runed translucent door.
  6941 | D:5      | Reached skill level 1 in Conjurations
  6941 | D:5      | Reached skill level 1 in Fire Magic
  6941 | D:5      | Reached XP level 8. HP: 48/61 MP: 14/14
  7143 | D:5      | Found a shimmering altar of Xom.
  7466 | D:6      | You fall into a shaft and drop 2 floors!
  7672 | D:6      | Found Dequ's Jewellery Shop.
  7936 | D:6      | Bought an amulet of reflection for 330 gold pieces
  8003 | D:6      | Noticed Duvessa
  8016 | D:6      | Noticed Dowan
  8022 | D:6      | Killed Duvessa
  8035 | D:6      | Killed from afar by Dowan

Illustrated notes

Levels and vault maps discovered:
D:1:      dpeg_arrival_morbid_curiosity, layout_basic,
          dreamdust_ecumenical_altar_drowned_temple,
          chequers_serial_rivers_micro_b, minmay_misc_feat_doors
D:2:      layout_loops_ring, grunt_ministairs_3, uniq_sigmund
D:3:      minmay_spotlight, layout_basic, nicolae_overflow_crystal_walls,
          guppyfry_early_orc_mine, uniq_terence, uniq_robin, uniq_natasha
D:4:      cheibrodos_pilgrimage, layout_basic,
          mainiacjoe_overflow_six_doors_small, grunt_ministairs_9
D:5:      due_chaos_kobolds, layout_loops_cross, minivault_26
D:6:      minmay_chambers_of_threes, layout_rooms, serial_shops,
          nicolae_shop_tiny_real_fake_doors, nicolae_nh_ransacked_shop,
          uniq_duvessa
D:7:      layout_loops_cross, mainiacjoe_overflow_tiny_flanked,
          lemuel_round_altar, minmay_temple_entry_nine_rooms, serial_shops,
          nicolae_shop_window_shopping, st_stairs_10, minmay_manual_monstrance,
          uniq_jeremiah
D:8:      layout_basic, nemelex_diamond_rough_becter, dpeg_oklobed_lair,
          serial_shops, shop, roderic_serpentine_path
D:9:      layout_roguey, david_orc_4, minmay_nine_imps, uniq_maggie,
          uniq_erolcha
D:10:     layout_loops_ring, grunt_temple_overflow_champion_of_chaos,
          lemuel_crystal_altar, ldierk_geyser
Lair:1:   layout_cave_pods, kennysheep_snail_temple

Skill      XL: |  1  2  3  4  5  6  7  8 |
---------------+-------------------------+-----
Armour         | 1 2 3 |  3.1
Dodging        | 2 3 |  3.1
Shields        | 1 2 3 |  3.6
Spellcasting   | 1 2 3 4 |  4.8
Fighting       | 4 |  4.7
Ranged Weapons | 1 |  1.3
Conjurations   | 1 3 |  3.0
Fire Magic     | 1 2 |  2.2
Maces & Flails | |  2.0
Stealth        | |  6.0

Action                     |  1- 3 |  4- 6 |  7- 9 || total
---------------------------+-------+-------+-------++-------
  Melee: Mace              |     1 |    33 |       ||    34
         Quarterstaff      |       |   192 |    99 ||   291
         Hand axe          |       |       |    74 ||    74
         Short sword       |       |       |    67 ||    67
   Fire: Sling             |       |    41 |    42 ||    83
  Throw: Dart              |       |       |     4 ||     4
         Stone             |       |       |     1 ||     1
Ability: Shaft Self        |     2 |     1 |     1 ||     4
         Dig               |       |     3 |       ||     3
  Evoke: Wand              |     6 |     9 |     6 ||    21
    Use: Scroll            |       |     4 |     4 ||     8
   Stab: Sleeping          |     1 |     9 |     5 ||    15
         Distracted        |       |     1 |     1 ||     2
         Confused          |       |       |     1 ||     1
 Armour: Ring mail         |     4 |    90 |       ||    94
         Leather armour    |     2 |    76 |   140 ||   218
  Dodge: Dodged            |     2 |   155 |   155 ||   312
  Block: Buckler           |       |    71 |    63 ||   134

Table legend: (Time is in decaauts)
 A = Elapsed time spent in this place.
 B = Non-inter-level travel time spent in this place.
 C = Inter-level travel time spent in this place.
 D = Time resting spent in this place.
 E = Time spent auto-exploring this place.
 F = Levels seen in this place.
 G = Mean time per level.
                   A        B        C        D        E       F      G
               +--------+--------+--------+--------+--------+-----+--------+
         Total |   8180 |   7983 |    197 |   1664 |   3684 |  11 |  743.6 |
       Dungeon |   8149 |   7952 |    197 |   1648 |   3684 |  10 |  814.9 |
          Lair |     30 |     30 |      0 |     16 |      0 |   1 |   30.0 |
               +--------+--------+--------+--------+--------+-----+--------+

Top non-repeatable levels by time:
     D:4: 1886 daAuts
     D:5: 1815 daAuts
     D:2: 994 daAuts
     D:1: 968 daAuts
     D:3: 844 daAuts
     D:6: 493 daAuts
     D:8: 397 daAuts
     D:9: 373 daAuts
     D:7: 369 daAuts
  Lair:1: 30 daAuts
    D:10: 7 daAuts
